[Event "*** Titled Tuesday Blitz"]
[Site "Chess.com"]
[Date "2019.03.05"]
[Round "6"]
[White "Kampkatten"]
[Black "Off-War"]
[Result "0-1"]
[WhiteElo "2757"]
[BlackElo "2538"]
[TimeControl "180+2"]
[EndTime "14:25:07 PST"]
[Termination "Off-War won on time"]

1. Nf3 d5 2. g3 Bg4 3. Bg2 Nd7 4. c4 e6 5. cxd5 exd5 6. O-O c6 7. d3 Ngf6 8. Qb3 Nc5 9. Qc2 Ne6 10. Nbd2 Be7 11. a3 O-O 12. b4 Re8 13. Bb2 h6 14. Nb3 Nd7 15. Nbd4 Bf6 16. Nxe6 Rxe6 17. h3 Bf5 18.
Nd4 Bxd4 19. Bxd4 Qe7 20. Rfe1 Bg6 21. Qb2 f6 22. Qd2 a6 23. h4 Re8 24. e3 Ne5 25.
Bxe5 fxe5 26. a4 e4 27. dxe4 Bxe4 28. b5 Rf6 29. bxc6 bxc6 30. Qd4 Qd7 31. Rad1 Qf5 32. Rd2 a5 33. Rc1 Bxg2 34. Kxg2 Re4 35. Qb6 Qf3+ 36. Kh2 Rxa4 37. Qd8+ Kh7 38. Rb1 Rb4 39. Ra1 a4 40.
Qe7 Re4 41. Qd8 Rg6 42. Rb1 Rxe3 43. Rb8 Rxg3 0-1

[Event "*** Titled Tuesday Blitz"]
[Site "Chess.com"]
[Date "2019.03.05"]
[Round "6"]
[White "Zarikovs1999"]
[Black "r31415"]
[Result "1-0"]
[WhiteElo "2305"]
[BlackElo "2334"]
[TimeControl "180+2"]
[EndTime "14:25:07 PST"]
[Termination "Zarikovs1999 won by checkmate"]

1. Nf3 d6 2. e4 Nf6 3. Nc3 g6 4. d4 Bg7 5. Bc4 O-O 6. O-O Nc6 7. Qe2 e6 8. Bg5 h6 9. Bh4 g5 10. Bg3 a6 11. d5 exd5 12. exd5 Ne7 13. Rad1 Re8 14.
Rfe1 Nexd5 15. Qd3 Nxc3 16. Qxc3 Bg4 17. Qb3 Rxe1+ 18.
Rxe1 d5 19. Bd3 Bxf3 20. gxf3 b5 21. Bf5 c5 22. Qd3 Qa5 23. Re7 Qxa2 24. Be5 Nh5 25. Bh7+ Kh8 26. Bxg7+ Nxg7 27. Rxf7 Qa1+ 28. Kg2 Qxb2 29.
Qg6 Qd4 30. Qxh6 Re8 31. Bg6+ Kg8 32. Qh7# 1-0

[Event "*** Titled Tuesday Blitz"]
[Site "Chess.com"]
[Date "2019.03.05"]
[Round "6"]
[White "Denis_Palkovich"]
[Black "Fivetrick"]
[Result "0-1"]
[WhiteElo "2238"]
[BlackElo "2466"]
[TimeControl "180+2"]
[EndTime "14:25:08 PST"]
[Termination "Fivetrick won by resignation"]

1. d4 Nf6 2. Bf4 g6 3. e3 Bg7 4.
Nf3 O-O 5. Be2 Nc6 6. O-O d6 7. h3 Nd7 8. c4 e5 9. Bh2 f5 10. Nc3 g5 11. Rc1 Kh8 12. c5 g4 13. hxg4 fxg4 14.
Nd2 exd4 15. exd4 Nxd4 16. cxd6 cxd6 17. Bxg4 Ne5 18. Bxc8 Rxc8 19. Nde4 Qh4 20. Bg3 Qh6 21. Qd2 Nef3+ 22. gxf3 Nxf3+ 23. Kg2 Nxd2 24. Rh1 Nxe4 25. Rxh6 Bxh6 26. Rh1 Nxg3 27. Rxh6 Nf5 28. Re6 Rg8+ 29. Kf1 Rce8 30. Rf6 Rgf8 0-1

[Event "*** Titled Tuesday Blitz"]
[Site "Chess.com"]
[Date "2019.03.05"]
[Round "6"]
[White "Zq1"]
[Black "Annawel"]
[Result "0-1"]
[WhiteElo "2552"]
[BlackElo "2900"]
[TimeControl "180+2"]
[EndTime "14:25:09 PST"]
[Termination "Annawel won by resignation"]

1. d4 d6 2. Nf3 g6 3. c4 f5 4.
Nc3 Nf6 5. g3 Bg7 6. Bg2 O-O 7.
O-O Qe8 8. d5 Na6 9. Qc2 Bd7 10.
b3 Nb4 11. Qd2 Ne4 12. Nxe4 Bxa1 13. Neg5 c5 14. a3 Na6 15. Ne6 Bxe6 16. dxe6 Nc7 17.
Ng5 Bf6 18. Bxb7 Rb8 19. Bd5 Rxb3 20. Nf7 Nxd5 21. cxd5 Rxf7 22. exf7+ Qxf7 23. Rd1 Qe8 24. Qa5 Rb1 25. Rf1 Qb5 26. Qd8+ Kf7 27. Bh6 Qb8 28. Qd7 Rxf1+ 29. Kxf1 Qb1+ 30. Kg2 Qe4+ 31. Kg1 Qxe2 32.
Qc8 Qd1+ 33. Kg2 Qxd5+ 34. Kg1 g5 35. Qf8+ Kg6 36. Qe8+ Kxh6 0-1

[Event "*** Titled Tuesday Blitz"]
[Site "Chess.com"]
[Date "2019.03.05"]
[Round "6"]
[White "Arystanner"]
[Black "martinmartinez95"]
[Result "0-1"]
[WhiteElo "2645"]
[BlackElo "2476"]
[TimeControl "180+2"]
[EndTime "14:25:15 PST"]
[Termination "martinmartinez95 won by resignation"]

1. e4 c5 2. Nf3 d6 3. Bb5+ Bd7 4. Bxd7+ Qxd7 5. c4 Nc6 6. d4 cxd4 7. Nxd4 Nf6 8. Nc3 g6 9. O-O Bg7 10. Nc2 O-O 11.
f3 a6 12. Be3 Rac8 13. b3 Qd8 14. Rc1 Ng4 15. fxg4 Bxc3 16. Bh6 Bg7 17. Bxg7 Kxg7 18. Kh1 Qa5 19. Ne3 Qg5 20. Qe2 e6 21. g3 Qe5 22.
Qg2 Rh8 23. h4 h5 24. g5 Qc5 25. Qf3 Rhf8 26. Rce1 Ne5 27. Qf6+ Kg8 28. g4 hxg4 29. h5 gxh5 30. Ng2 Ng6 31. Nf4 Nxf4 32. Qxf4 Qe5 33. Qe3 Rc5 34. g6 Qg5 35. Rxf7 Qxe3 36. Rxf8+ Kxf8 37. Rxe3 Kg7 38. Rd3 Rc6 39. Kg2 Kxg6 40. e5 dxe5 41.
Rd8 Kf5 42. Kf2 h4 0-1

[Event "*** Titled Tuesday Blitz"]
[Site "Chess.com"]
[Date "2019.03.05"]
[Round "6"]
[White "RegZryt"]
[Black "Saitama_Hero"]
[Result "1-0"]
[WhiteElo "2447"]
[BlackElo "2222"]
[TimeControl "180+2"]
[EndTime "14:25:19 PST"]
[Termination "RegZryt won on time"]

1. d4 Nf6 2. c4 g6 3. Nc3 d5 4.
Nf3 Bg7 5. h4 dxc4 6. e4 c5 7.
d5 O-O 8. Bxc4 b5 9. Bxb5 Nxe4 10. Nxe4 Qa5+ 11. Nc3 Bxc3+ 12. bxc3 Qxb5 13. h5 Ba6 14.
hxg6 fxg6 15. Ne5 Rf5 16. f4 Nd7 17. a4 Qb7 18. g4 Nxe5 19. gxf5 Nd3+ 20. Kd2 Nf2 21. Qf3 Nxh1 22. Qxh1 Rd8 23. Ke1 Rxd5 24. Qf3 Re5+ 25. Kf2 Re2+ 26. Kg3 Qd7 27. fxg6 hxg6 28.
Ba3 Qd2 29. Bxc5 Bc4 30. Bd4 1-0

[Event "*** Titled Tuesday Blitz"]
[Site "Chess.com"]
[Date "2019.03.05"]
[Round "6"]
[White "Babas"]
[Black "GameOverBro"]
[Result "1-0"]
[WhiteElo "2265"]
[BlackElo "2378"]
[TimeControl "180+2"]
[EndTime "14:25:19 PST"]
[Termination "Babas won by resignation"]

1. d4 Nf6 2. c4 d6 3. Nc3 Nbd7 4. e4 e5 5. d5 Nc5 6. f3 a5 7. Be3 Be7 8. Qd2 h5 9. h4 Nfd7 10. g3 g6 11. Nh3 a4 12. Be2 c6 13.
Ng5 Qa5 14. Rb1 Na6 15. O-O Ndc5 16. b4 axb3 17. axb3 f6 18. Ne6 Nxe6 19. dxe6 Bxe6 20. b4 Nxb4 21. Qb2 c5 22. Ra1 Qd8 23. Rxa8 Qxa8 24. f4 O-O 25. f5 gxf5 26. exf5 Bf7 27. Bf3 Bxc4 28. Qb1 Bxf1 29. Qxf1 Qa3 30. Bd2 Qa6 31.
Be2 Qc6 32. Bxh5 Bd8 33. Qe2 Qd7 34. Qg4+ Qg7 35. Bg6 Rf7 36. h5 Kf8 37. h6 Qh8 38. Bxf7 Kxf7 39. Qg6+ Kf8 40. h7 d5 41. Bh6+ Ke7 42.
Bg7 1-0

[Event "*** Titled Tuesday Blitz"]
[Site "Chess.com"]
[Date "2019.03.05"]
[Round "6"]
[White "Vugar_Manafov"]
[Black "MishkaFighter"]
[Result "0-1"]
[WhiteElo "2409"]
[BlackElo "2355"]
[TimeControl "180+2"]
[EndTime "14:25:21 PST"]
[Termination "MishkaFighter won by resignation"]

1. Nf3 g6 2. g3 Bg7 3. d4 Nf6 4. Bg2 O-O 5. b3 d5 6. Bb2 Ne4 7. O-O c5 8. c3 Nc6 9. Nbd2 Bf5 10. e3 Rc8 11. Nh4 Nxd2 12. Qxd2 cxd4 13. exd4 Nxd4 14. cxd4 Rc2 15. Qf4 Rxb2 16. Nxf5 gxf5 17. Qxf5 e6 18. Qd3 Qf6 19. Rad1 Rc8 20. a4 Rcc2 21. Qf3 Qxf3 22. Bxf3 Rxb3 23. Bg2 Rbb2 24. Rd3 Rd2 25. Rxd2 Rxd2 26.
Rb1 b6 27. a5 Bxd4 28. axb6 axb6 29. Rc1 Rxf2 30. Rc8+ Kg7 31. Kh1 Rd2 32. h4 b5 33.
Rb8 Rb2 34. Kh2 b4 35. Kh3 b3 36. h5 Rb1 37. g4 h6 38. Kh4 Bf6+ 39. Kh3 b2 40. Be4 dxe4 41. g5 hxg5 42. h6+ Kxh6 43. Kg4 Rg1+ 44. Kh3 b1=Q 45. Rb2 g4+ 46. Kh2 Rh1+ 0-1

[Event "*** Titled Tuesday Blitz"]
[Site "Chess.com"]
[Date "2019.03.05"]
[Round "6"]
[White "ChessicallyInclined"]
[Black "fm_magua"]
[Result "0-1"]
[WhiteElo "2410"]
[BlackElo "2477"]
[TimeControl "180+2"]
[EndTime "14:25:21 PST"]
[Termination "fm_magua won by resignation"]

1. d4 Nf6 2. c4 g6 3. Nc3 Bg7 4. e4 d6 5. f3 O-O 6. Be3 c5 7. Nge2 b6 8. Qd2 Bb7 9. d5 a6 10. Ng3 b5 11. cxb5 axb5 12. Bxb5 Ba6 13. O-O Qa5 14. a4 Bxb5 15. Nxb5 Qb6 16. Qc2 Nfd7 17. Kh1 Na6 18. Ra3 Nb4 19. Qc4 Ne5 20. Qe2 Qa5 21.
Bd2 Nd7 22. Bc3 Nb6 23. Bxg7 Kxg7 24. b3 Rfc8 25. f4 c4 26. bxc4 Nxc4 27. Raf3 Qxa4 28. Nc3 Qc2 29. Qxc2 Nxc2 30. R3f2 N4e3 31. Nce2 Nxf1 32. Nxf1 Ra1 33. Ng1 Nd4 34. g3 Rcc1 35. Kg2 Nc2 36. Nf3 Rxf1 37. Rxc2 Rfc1 38. Re2 Rd1 39. h4 Ra3 40. e5 Rxd5 41. exd6 exd6 42. Re7 h6 43. h5 Rxh5 44. Nd4 Rd5 45. Nc6 Rdd3 46. Nd8 Rxg3+ 47.
Kh2 Kf8 48. Rd7 Rgd3 0-1

[Event "*** Titled Tuesday Blitz"]
[Site "Chess.com"]
[Date "2019.03.05"]
[Round "6"]
[White "riconaipe"]
[Black "albi1999"]
[Result "0-1"]
[WhiteElo "2430"]
[BlackElo "2439"]
[TimeControl "180+2"]
[EndTime "14:25:25 PST"]
[Termination "albi1999 won by resignation"]

1. d4 d5 2. c4 e6 3. Nc3 Nf6 4. Bg5 Bb4 5. e3 h6 6. Bxf6 Qxf6 7. cxd5 exd5 8. Ne2 c6 9. a3 Bd6 10. Ng3 O-O 11. Bd3 Re8 12. O-O Nd7 13. b4 b5 14.
Qb3 a5 15. bxa5 Rxa5 16. a4 b4 17. Na2 Ba6 18. Nc1 Ra8 19. Bxa6 R8xa6 20. Nd3 g6 21.
Rfc1 h5 22. Nf1 Bf8 23. Nd2 Qd6 24. Nf3 Nb6 25. Nc5 Ra7 26. Qxb4 Nxa4 27. Qd2 Nxc5 28. dxc5 Qc7 29. Rxa5 Qxa5 30. Qxa5 Rxa5 31. Nd4 Rxc5 32.
Rxc5 Bxc5 33. Nxc6 Kf8 34. Kf1 Ke8 35. Ke2 Kd7 36.
Ne5+ Ke6 37. Nf3 Kf5 38. Kd3 g5 39. Nd4+ Ke5 40. Ne2 f6 41. h3 Bb4 42. g4 hxg4 43. hxg4 f5 44. f4+ Kf6 45. gxf5 g4 46. e4 dxe4+ 47.
Kxe4 Be1 48. Nc3 Bxc3 49. Kd3 Ba5 50. Ke4 Bc7 51. Ke3 Kxf5 52. Kf2 Bxf4 53. Kg2 g3 54. Kf3 Kg5 55. Kg2 Kg4 56. Kh1 Kf3 57. Kg1 Be3+ 58.
Kh1 g2+ 0-1

[Event "*** Titled Tuesday Blitz"]
[Site "Chess.com"]
[Date "2019.03.05"]
[Round "6"]
[White "IakovUlivar"]
[Black "Caterpiller35"]
[Result "1/2-1/2"]
[WhiteElo "2500"]
[BlackElo "2345"]
[TimeControl "180+2"]
[EndTime "14:25:30 PST"]
[Termination "Game drawn by repetition"]

1. e4 c5 2. Nc3 Nc6 3. g3 d6 4. Bg2 g6 5. d3 Bg7 6. Nge2 e5 7. O-O Nge7 8. f4 exf4 9. Nxf4 O-O 10. Nfd5 Nxd5 11. Nxd5 Rb8 12. c3 b5 13. Bf4 b4 14. Qd2 bxc3 15. bxc3 Ne5 16. Bh6 f5 17.
Bg5 Qa5 18. exf5 Bxf5 19. Ne7+ Kh8 20. Nxf5 gxf5 21. Be7 Rf7 22. Bxd6 Rd8 23. Bxe5 Bxe5 24. Rac1 c4 25. d4 Rxd4 26. Qg5 Rg4 27. Qh5 Rf8 28. Kh1 Bxc3 29. Qxg4 fxg4 30. Rxf8+ Kg7 31. Rcf1 Qxa2 32.
Be4 Qe2 33. R8f7+ Kg8 34. Rf8+ Kg7 35. R1f7+ Kh6 36. Rxh7+ Kg5 37. Rf5+ Kg6 38. Rf4+ Kg5 39. Rf5+ Kg6 40. Rf4+ Kg5 41. Rf5+ Kg6 42. Rf4+ 1/2-1/2

[Event "*** Titled Tuesday Blitz"]
[Site "Chess.com"]
[Date "2019.03.05"]
[Round "6"]
[White "Vadim_Biliy"]
[Black "Atanejhad"]
[Result "0-1"]
[WhiteElo "2115"]
[BlackElo "2237"]
[TimeControl "180+2"]
[EndTime "14:25:30 PST"]
[Termination "Atanejhad won by checkmate"]

1. d4 Nf6 2. Nf3 c5 3. e3 d5 4. Be2 Nc6 5. O-O Bg4 6. h3 Bxf3 7. Bxf3 cxd4 8. exd4 e6 9. c4 dxc4 10. Bxc6+ bxc6 11. Qa4 Rc8 12. Qxc4 Be7 13. Nc3 O-O 14. Bf4 Qb6 15.
b3 Rfd8 16. Be5 c5 17. Na4 Qa5 18. Rac1 Nd7 19. Rfd1 h6 20. Bf4 cxd4 21. Qxc8 Rxc8 22. Rxc8+ Kh7 23. Rxd4 Nf6 24. Bd2 Qe5 25. Rdc4 Qa1+ 26.
Kh2 Bd6+ 27. g3 Qxa2 28. Be3 Nh5 29. Nc5 Bxg3+ 30. Kg2 Bh4 31. Rc7 Bg5 32. Bd4 Nf4+ 33. Kf3 Qe2+ 34. Kg3 Nh5+ 35. Kg2 Nf4+ 36. Kg3 Qh5 37. f3 Qxh3+ 38. Kf2 Qg2+ 39. Ke1 Qe2# 0-1

[Event "*** Titled Tuesday Blitz"]
[Site "Chess.com"]
[Date "2019.03.05"]
[Round "6"]
[White "Witik"]
[Black "Stephenzinho"]
[Result "1-0"]
[WhiteElo "2679"]
[BlackElo "2463"]
[TimeControl "180+2"]
[EndTime "14:25:32 PST"]
[Termination "Witik won by resignation"]

1. d4 Nf6 2. c4 g6 3. Nc3 Bg7 4. e4 O-O 5. f3 d6 6. Be3 c5 7.
Nge2 cxd4 8. Nxd4 Nc6 9. Nc2 Be6 10. Be2 Qa5 11. O-O Rfc8 12. Qd2 Nd7 13. Na3 Nce5 14. Nd5 Qxd2 15. Bxd2 Nc6 16. Bc3 f5 17. Bxg7 Kxg7 18. exf5 gxf5 19. Rfe1 Bxd5 20. cxd5 Nb4 21. Bb5 Ne5 22.
f4 a6 23. fxe5 axb5 24. exd6 exd6 25. Nxb5 Rc2 26. Nxd6 Nxd5 27. Nxf5+ Kf6 28. Rf1 Kg6 29. Rad1 Nb4 30. Rd6+ Kg5 31. h4+ Kg4 32. Rd4+ Kh5 33. g4+ Kg6 34. Rxb4 Rxa2 35. Rb6+ Kf7 36. Nd4+ 1-0

[Event "*** Titled Tuesday Blitz"]
[Site "Chess.com"]
[Date "2019.03.05"]
[Round "6"]
[White "chessking2151"]
[Black "joppie2"]
[Result "0-1"]
[WhiteElo "2600"]
[BlackElo "2773"]
[TimeControl "180+2"]
[EndTime "14:25:39 PST"]
[Termination "joppie2 won by resignation"]

1. d4 Nf6 2. Nf3 d5 3. c4 e6 4. Nc3 dxc4 5. Bg5 Bb4 6. e3 b5 7. a4 c6 8. Be2 h6 9. Bh4 Bb7 10. Qc2 Nbd7 11. O-O a6 12. Rad1 Be7 13. Ne5 O-O 14. Bg3 Nd5 15. Bf3 Nxe5 16. dxe5 Qa5 17. Ne4 c5 18. Qb1 Qxa4 19. Nd6 Bc6 20. h4 c3 21. Bxd5 c2 22. Qxc2 Qxc2 23. Bxc6 Rad8 24. Rb1 c4 25. Rfc1 Qg6 26. Be4 f5 27. Bf3 Bxd6 28.
exd6 f4 29. exf4 Qf5 30. Rd1 Rxd6 31. Rxd6 Qxb1+ 32. Kh2 Qxb2 33. Rxe6 c3 34. Bd5 Kh8 35. f5 c2 36. Bd6 Rd8 37. f6 c1=Q 38. f7 Qc8 39. f8=Q+ Rxf8 40. Bxf8 Qxf8 0-1

[Event "*** Titled Tuesday Blitz"]
[Site "Chess.com"]
[Date "2019.03.05"]
[Round "6"]
[White "GMKrikor"]
[Black "M1711"]
[Result "1-0"]
[WhiteElo "2725"]
[BlackElo "2514"]
[TimeControl "180+2"]
[EndTime "14:25:39 PST"]
[Termination "GMKrikor won on time"]

1. d4 Nf6 2. Bg5 d5 3. Nd2 c5 4.
e3 Nc6 5. c3 e6 6. f4 Be7 7. Ngf3 O-O 8. Bd3 h6 9. Bxf6 Bxf6 10. Qe2 b6 11. h4 Qc7 12. a3 cxd4 13.
cxd4 Na5 14. g4 Nc4 15. g5 Nxd2 16. Qxd2 Be7 17. gxh6 f5 18. Rg1 Bf6 19. Rc1 Qe7 20. Qg2 Bd7 21. Ne5 Bxe5 22. dxe5 Rf7 23. Kd2 Rd8 24. Rc7 d4 25. Qxg7+ Rxg7 26. Rxg7+ Qxg7 27. hxg7 a6 28. exd4 Kxg7 29. Bxa6 Kh6 30. Ke3 Kh5 31.
Rb7 1-0

[Event "*** Titled Tuesday Blitz"]
[Site "Chess.com"]
[Date "2019.03.05"]
[Round "6"]
[White "ManuDavid2910"]
[Black "chessmaxusa"]
[Result "0-1"]
[WhiteElo "2729"]
[BlackElo "2535"]
[TimeControl "180+2"]
[EndTime "14:25:40 PST"]
[Termination "chessmaxusa won by resignation"]

1. e4 c6 2. Nf3 d5 3. Nc3 dxe4 4. Nxe4 Bf5 5. Ng3 Bg6 6. Bc4 e6 7. d4 Nd7 8. Qe2 Ngf6 9. Bg5 Be7 10. O-O-O a5 11. h4 h6 12. h5 Bh7 13. Bh4 a4 14. a3 Qa5 15. Rhe1 O-O 16. Ne5 Nxe5 17. dxe5 Nd5 18. Rxd5 cxd5 19. Bxe7 dxc4 20. Bxf8 Rxf8 21. Qd2 Qc7 22. Qb4 Rc8 23. Re3 Qc6 24. f3 b5 25. Ne2 Qb6 26. Qd2 Rd8 27. Qc3 Bd3 28. Qd2 Bxc2 29. Kxc2 Rxd2+ 30. Kxd2 b4 31. axb4 Qxb4+ 32.
Kc2 Qa5 33. Re4 a3 34. bxa3 Qxa3 35. Rxc4 Qe3 36. Re4 Qf2 37. g4 Qxf3 38. Nc3 Qf2+ 39. Kd3 Qc5 40. Ne2 Qd5+ 41. Ke3 Qd1 42. Rd4 Qa1 43. Ke4 Qb1+ 44. Rd3 Qh1+ 45. Ke3 Qh3+ 46. Kd4 Qxg4+ 47. Nf4 0-1

[Event "*** Titled Tuesday Blitz"]
[Site "Chess.com"]
[Date "2019.03.05"]
[Round "6"]
[White "Rashad_Zeynalli"]
[Black "Winehouse83"]
[Result "0-1"]
[WhiteElo "2396"]
[BlackElo "2520"]
[TimeControl "180+2"]
[EndTime "14:25:40 PST"]
[Termination "Winehouse83 won by resignation"]

1. e4 e5 2. Nf3 Nc6 3. Bb5 a6 4. Ba4 Nf6 5. O-O b5 6. Bb3 Bc5 7. c3 d6 8. d4 Bb6 9. a4 Rb8 10.
Na3 Bg4 11. axb5 axb5 12. Nxb5 exd4 13. cxd4 O-O 14. Be3 Re8 15. Nc3 Nxd4 16. Bxd4 Bxd4 17. Bxf7+ Kxf7 18. Qxd4 Bxf3 19. gxf3 Rxb2 20. Ra7 Kg8 21. Qc4+ Kh8 22. Rxc7 Nh5 23. Kh1 Rf8 24. Nd5 Qh4 25. Rc8 Rb8 26. Rc1 Qxf2 27. Rxf8+ Rxf8 28. Rf1 Qh4 29. Rg1 Qh3 30. Qf1 Qxf3+ 31. Qxf3 Rxf3 32. Ra1 h6 33. Ra6 Nf4 34. Kg1 Nxd5 35. exd5 Rf6 36. Kg2 Kh7 37.
Kg3 Kg6 38. Kg4 h5+ 39. Kg3 Kf5 40. Ra7 g5 41. Re7 h4+ 42. Kf3 g4+ 43. Ke3 Kg6 44. Re8 Kg5 45. Rg8+ Rg6 46. Rf8 g3 47. hxg3 hxg3 48.
Rf1 Kg4 49. Rh1 g2 50. Rg1 Kg3 51. Ke2 Kh2 52. Kf2 Rf6+ 0-1

[Event "*** Titled Tuesday Blitz"]
[Site "Chess.com"]
[Date "2019.03.05"]
[Round "6"]
[White "PocketPivot"]
[Black "emperor87"]
[Result "1-0"]
[WhiteElo "2513"]
[BlackElo "2618"]
[TimeControl "180+2"]
[EndTime "14:25:42 PST"]
[Termination "PocketPivot won by resignation"]

1. d4 d5 2. Nf3 Nf6 3. c4 dxc4 4. e3 e6 5. Bxc4 a6 6. O-O c5 7. b3 b5 8. Be2 Bb7 9. Bb2 Nbd7 10.
Nbd2 cxd4 11. Nxd4 Bc5 12. a4 b4 13. Bf3 Bxf3 14.
Qxf3 O-O 15. Rac1 Nd5 16. Ne4 Bxd4 17. Bxd4 Qe7 18. Qg3 f6 19. Qd6 Qxd6 20. Nxd6 e5 21. Bb2 a5 22. Rfd1 N7b6 23. Kf1 Rfd8 24. Nb5 Kf7 25.
g3 e4 26. Bd4 Kg6 27. Ke1 Rac8 28. Rc5 h5 29. Rdc1 Rb8 30. Rc6 h4 31. Nc7 Nxc7 32. Bxb6 Rxb6 33. Rxb6 Nd5 34. Rb5 hxg3 35. hxg3 Nc3 36.
Rxa5 Rh8 37. Rxc3 bxc3 38. Rc5 Rh1+ 39. Ke2 Rc1 40. a5 Rc2+ 41. Kf1 Rc1+ 42. Kg2 f5 43. a6 Kg5 44. b4 Rb1 45. Rxc3 Rxb4 46. Ra3 Rb8 47.
a7 Ra8 48. Ra6 Kg4 49. Rg6+ 1-0

[Event "*** Titled Tuesday Blitz"]
[Site "Chess.com"]
[Date "2019.03.05"]
[Round "6"]
[White "eljanov"]
[Black "UCantHandleDenker"]
[Result "1-0"]
[WhiteElo "2766"]
[BlackElo "2540"]
[TimeControl "180+2"]
[EndTime "14:25:44 PST"]
[Termination "eljanov won on time"]

1. e4 d6 2. d4 Nf6 3. Nc3 g6 4.
Be3 Bg7 5. Qd2 c6 6. f3 b5 7. g4 h5 8. g5 Nfd7 9. h4 Bb7 10. Nge2 Nb6 11. Ng3 N8d7 12. a4 b4 13. Nd1 a5 14.
Nf2 Qc7 15. f4 c5 16. Bb5 O-O 17. d5 Bxb2 18. O-O Ba6 19. Bxa6 Rxa6 20. Qe2 c4 21.
Rae1 Nxa4 22. Nxh5 Ndc5 23. Ng3 Qd7 24. h5 Nc3 25. Qf3 a4 26. Kg2 a3 27. f5 a2 28.
Ng4 N3xe4 29. fxg6 f5 30. Nxf5 Rxf5 31. Nh6+ Kh8 32. Qxf5 Qxf5 33. Rxf5 Ra8 34. Rf7 Bg7 35. Nf5 a1=Q 36. Rxa1 Bxa1 37. Nxe7 Bg7 38. Bd4 1-0

[Event "*** Titled Tuesday Blitz"]
[Site "Chess.com"]
[Date "2019.03.05"]
[Round "6"]
[White "JSMastropiero"]
[Black "FearNoEvil12"]
[Result "1-0"]
[WhiteElo "2234"]
[BlackElo "1939"]
[TimeControl "180+2"]
[EndTime "14:25:46 PST"]
[Termination "JSMastropiero won by checkmate"]

1. Nf3 b5 2. e4 a6 3. d4 Bb7 4.
Bd3 e6 5. O-O Nf6 6. Re1 d6 7. a4 b4 8. Nbd2 Nbd7 9. Nc4 a5 10.
Bg5 h6 11. Bh4 g5 12. Bg3 Rg8 13. d5 e5 14. Ne3 h5 15. h4 Ng4 16. Nxg4 hxg4 17.
Nxg5 Be7 18. Qxg4 Bxg5 19. hxg5 Rxg5 20. Qf3 Rg8 21. Bb5 Qe7 22. c3 Rh8 23. cxb4 axb4 24. Rac1 O-O-O 25. Qb3 Nc5 26. Qxb4 f5 27. exf5 Qh7 28.
Kf1 Bxd5 29. Rxc5 dxc5 30. Ba6+ Kd7 31. Qxc5 Qh1+ 32. Ke2 Qxg2 33. Bxe5 Ke8 34. Bxh8 Bf3+ 35. Ke3 Qg4 36. Bb5+ Kf7 37. Bc4+ Ke8 38. Qe5+ Kf8 39. Qf6+ Ke8 40. Qf7# 1-0

[Event "*** Titled Tuesday Blitz"]
[Site "Chess.com"]
[Date "2019.03.05"]
[Round "6"]
[White "GMMatamoros"]
[Black "Shant_Sargsyan"]
[Result "0-1"]
[WhiteElo "2529"]
[BlackElo "2909"]
[TimeControl "180+2"]
[EndTime "14:25:48 PST"]
[Termination "Shant_Sargsyan won by resignation"]

1. Nf3 d5 2. g3 Nc6 3. d4 Bf5 4.
Bg2 Nb4 5. Na3 e6 6. O-O c5 7. c4 Nf6 8. Bg5 Be7 9. dxc5 O-O 10. Qb3 Bxc5 11. Rfd1 h6 12. Be3 Qb6 13. cxd5 Bxe3 14. Qxe3 Qxe3 15. fxe3 Nbxd5 16. Nd4 Nxe3 17. Nxf5 Nxd1 18.
Ne7+ Kh8 19. Rxd1 Rae8 20. Bxb7 Rxe7 21. Bf3 Nd5 22. Kf2 Rb8 23. Rd2 g5 24. Nc4 Nf6 25. b3 Kg7 26. Rd6 Rd7 27. Ra6 Rc7 28. Ra5 Rd8 29.
Ke1 g4 30. Bg2 Nd5 31. Bxd5 Rxd5 32. Ra6 h5 33. Kf2 Rf5+ 34. Ke3 Rf1 35. Nd6 Rd7 36. Nb5 Rh1 37. Nxa7 Rxh2 38. Nc6 h4 39. gxh4 Rxh4 40. Ne5 Rd5 41. Nd3 g3 42. Kf3 Rh2 43. Kxg3 Rxe2 44. Nf4 Re3+ 45. Kf2 Rde5 46. Ra4 Rc3 47. Ra6 Rf5 48. Ra4 e5 0-1

[Event "*** Titled Tuesday Blitz"]
[Site "Chess.com"]
[Date "2019.03.05"]
[Round "6"]
[White "fish7728"]
[Black "Andrei_Belozerov"]
[Result "0-1"]
[WhiteElo "2247"]
[BlackElo "2483"]
[TimeControl "180+2"]
[EndTime "14:25:48 PST"]
[Termination "Andrei_Belozerov won on time"]

1. d4 d5 2. c4 c6 3. cxd5 cxd5 4. Nc3 Nf6 5. Bf4 Nc6 6. e3 Bf5 7. Qb3 Na5 8. Qa4+ Bd7 9. Qd1 e6 10. Bd3 Rc8 11. Rc1 Be7 12. h3 O-O 13. Nf3 Qb6 14. Qe2 Rfd8 15. O-O Be8 16. Ne5 Nd7 17. Nxd7 Bxd7 18. b3 Bb4 19. Nb5 Bxb5 20. Bxb5 Ba3 21. Rxc8 Rxc8 22. Bd3 Nc6 23. Bb1 Qd8 24. Qh5 g6 25.
Qh6 Bf8 26. Qg5 Qxg5 27. Bxg5 Be7 28. Bf4 Ba3 29. f3 f6 30. Bg3 Kf7 31. Be1 e5 32. Bc3 Ke6 33. Ba1 Nb4 34. dxe5 fxe5 35. Rd1 a5 36. Kf1 Nc2 0-1

[Event "*** Titled Tuesday Blitz"]
[Site "Chess.com"]
[Date "2019.03.05"]
[Round "6"]
[White "Alexey_Potapov"]
[Black "penguingm1"]
[Result "1-0"]
[WhiteElo "2752"]
[BlackElo "2883"]
[TimeControl "180+2"]
[EndTime "14:25:50 PST"]
[Termination "Alexey_Potapov won by checkmate"]

1. c4 e6 2. Nf3 Nf6 3. g3 d5 4.
b3 Be7 5. Bg2 O-O 6. O-O c5 7. Bb2 Nc6 8. cxd5 Nxd5 9. Nc3 Nxc3 10.
Bxc3 Qc7 11. Qc2 Rd8 12. Rac1 f6 13. Rfd1 e5 14. Nh4 Be6 15. Be4 g6 16. Bxg6 hxg6 17. Qxg6+ Kf8 18. e3 Qb6 19. f4 Bf7 20. Qh7 Ke8 21. Nf5 Bf8 22. fxe5 Nxe5 23. Bxe5 fxe5 24. Rf1 Qg6 25. Qh8 Be6 26. Rxc5 Kd7 27. Rxe5 Bd6 28.
Qh4 Bxe5 29. Qe7+ Kc6 30. Rc1+ Kb6 31. Qb4+ Ka6 32. Rc5 b6 33. Qa4+ Kb7 34. Qe4+ Ka6 35. Ra5+ bxa5 36. Qc6# 1-0

[Event "*** Titled Tuesday Blitz"]
[Site "Chess.com"]
[Date "2019.03.05"]
[Round "6"]
[White "salomez"]
[Black "BASSU1"]
[Result "0-1"]
[WhiteElo "2093"]
[BlackElo "2096"]
[TimeControl "180+2"]
[EndTime "14:25:50 PST"]
[Termination "BASSU1 won by checkmate"]

1. b3 e5 2. Bb2 d6 3. g3 g6 4. Bg2 Bg7 5. e3 Nf6 6. Ne2 O-O 7. O-O Re8 8. d3 c6 9. Nd2 d5 10. e4 d4 11. f4 Ng4 12. Qc1 Ne3 13. Rf2 f6 14. Bf3 Bg4 15. Nc4 Nxc4 16. Bxg4 Ne3 17. Bf3 Nd7 18. Nxd4 exd4 19. Bxd4 Nxc2 20. Qxc2 Ne5 21.
Qc3 Nxf3+ 22. Rxf3 Rc8 23. Rc1 b6 24. Qc4+ Kh8 25. Bb2 Qd7 26. Re1 Rcd8 27. d4 Qb7 28. Rc3 Rc8 29. e5 b5 30. Qc5 Bf8 31. Qxf8+ Rxf8 32. Rc5 Rfe8 33. Rec1 fxe5 34. dxe5 Red8 35. R5c2 Rd5 36.
e6+ Kg8 37. Re1 Re8 38. Rce2 c5 39. h3 c4 40. g4 Qb6+ 41. Kg2 Qc6 42. Kg3 c3 43.
Bc1 Rd3+ 44. Kh4 Qf3 45. Re3 Rxe3 46. Rxe3 Qf2+ 47. Kg5 Kg7 48. Rxc3 h6# 0-1

[Event "*** Titled Tuesday Blitz"]
[Site "Chess.com"]
[Date "2019.03.05"]
[Round "6"]
[White "Perecke"]
[Black "BillForster"]
[Result "1-0"]
[WhiteElo "2046"]
[BlackElo "1729"]
[TimeControl "180+2"]
[EndTime "14:25:55 PST"]
[Termination "Perecke won by resignation"]

1. e4 c5 2. Nf3 a6 3. c4 g6 4. d4 cxd4 5. Nxd4 Bg7 6. Be3 Nc6 7. Nc3 Nf6 8. Be2 O-O 9. O-O d6 10. Rc1 Qa5 11. f4 Nxd4 12. Bxd4 b5 13. e5 dxe5 14.
fxe5 Nd7 15. e6 fxe6 16. Bxg7 Kxg7 17. Rxf8 Nxf8 18. Qd4+ Kg8 19. cxb5 Bb7 20. b4 Qa3 21. Rf1 axb5 22. Bxb5 Qb2 23. Rf2 Qc1+ 24. Bf1 Rc8 25.
Ne4 Rc2 26. Rxf8+ Kxf8 27. Qh8+ Kf7 28. Qxh7+ Ke8 29. Qxg6+ Kd8 30. Qg8+ Kc7 31. Qg3+ Kd8 32. Qb8+ Bc8 33. Qb6+ Rc7 34. Qd4+ Rd7 35. Qh8+ Kc7 36.
Qe5+ Kb7 37. Nc5+ Ka7 38. Nxd7 Bxd7 39. Qd4+ Kb8 40. Qxd7 1-0

[Event "*** Titled Tuesday Blitz"]
[Site "Chess.com"]
[Date "2019.03.05"]
[Round "6"]
[White "Chessialist"]
[Black "mikhaillushenkov"]
[Result "0-1"]
[WhiteElo "2492"]
[BlackElo "2614"]
[TimeControl "180+2"]
[EndTime "14:26:00 PST"]
[Termination "mikhaillushenkov won by checkmate"]

1. c4 e6 2. g3 d5 3. Bg2 c6 4. Nf3 Nf6 5. b3 Nbd7 6. O-O Bd6 7. Bb2 O-O 8. e3 e5 9. d4 e4 10. Ne5 Qe7 11. Nxd7 Bxd7 12. Nc3 h5 13. f4 g6 14. Qd2 Kg7 15. c5 Bc7 16. b4 h4 17. a4 Rh8 18. b5 hxg3 19. hxg3 Ng4 20. Nxe4 f5 21. bxc6 bxc6 22. Nd6 Kg8 23. Rfe1 Qh7 24. Bf3 Ba5 25.
Qg2 Bxe1 26. Rxe1 Rb8 27. Bxd5+ cxd5 28. Qxd5+ Kf8 29. Re2 Be6 30. Qf3 Nf6 31. c6 Bd5 32. e4 Nxe4 33. Nb5 Nf6 34. Qa3+ Kg8 35. Kf2 Qh1 36.
Ke3 Qd1 37. Qd6 Ng4# 0-1